3R
MAINE SEA DOGS @ BETHLEHEM ANGEL KITTIES
06/14/2041
 
TOP OF THE 1ST
Maine Sea Dogs batting - Pitching for Bethlehem Angel Kitties : LHP Joel Lewis
Pitching: LHP Joel Lewis
Batting: RHB Jesús Bonilla 0-0: Ground out 6-3 (Groundball, 6, EV 102.5 MPH)
Batting: RHB Max Brown 0-0: Foul Ball, location: 2F
0-1: Swinging Strike
0-2: Ball
1-2: SINGLE (Groundball, 6MD, EV 95.6 MPH)
Batting: LHB Amani Marwan 0-0: Foul Ball, location: 2F
0-1: Ball
1-1: SINGLE (Groundball, 56D, EV 108.1 MPH)
Max Brown to second
Batting: RHB Michael Lindsey 0-0: Ball
1-0: Ball
2-0: Swinging Strike
2-1: Swinging Strike
2-2: Strikes out swinging
Batting: SHB George McMahon 0-0: Ball
1-0: Ball
2-0: Called Strike
2-1: Foul Ball, location: 2F
2-2: DOUBLE (Flyball, 8LXD, EV 113.1 MPH)
Max Brown scores
Amani Marwan to third
Runner from 3rd tries for Home, SAFE, no throw by CF
Pitching: RHP Luiz Palmeiro
Batting: RHB Michael Weber 0-0: Ball
1-0: Swinging Strike
1-1: Ball
2-1: Foul Ball, location: 2F
2-2: Ball
3-2: Foul Ball, location: 2F
3-2: Foul Ball, location: 2F
3-2: Foul Ball, location: 2F
3-2: Ground out U3 (Groundball, 3, EV 85.0 MPH)
Top of the 1st over - 2 runs, 3 hits, 0 errors, 1 left on base; Maine 2 - Bethlehem 0
BOTTOM OF THE 1ST
Bethlehem Angel Kitties batting - Pitching for Maine Sea Dogs : RHP Cole Howard
Pitching: RHP Cole Howard
Batting: LHB Norm Williams 0-0: Ball
1-0: SINGLE (Flyball, 9S, EV 85.6 MPH)
Batting: SHB Frunze Khcheyan 0-0: Ball
1-0: Ball
2-0: Called Strike
2-1: Called Strike
2-2: SINGLE (Flyball, 78S, EV 98.8 MPH)
Norm Williams to second
Batting: RHB Tim Hankins 0-0: Fielders Choice at 2nd, 6-4 (Groundball, 6, EV 105.6 MPH)
Norm Williams to third
Batting: SHB Toshiaki Watanabe 0-0: Ball
1-0: Ball
2-0: Foul Ball, location: 2F
2-1: Ball
3-1: Fielders Choice at 2nd, 6-4 (Groundball, 6, EV 108.1 MPH)
Norm Williams scores
Batting: RHB Hwui-ning Chen 0-0: Called Strike
0-1: Ball
1-1: Called Strike
1-2: Ball
2-2: Ball
3-2: Fly out, F3 (Popup, 34S, EV 72.5 MPH)
Bottom of the 1st over - 1 run, 2 hits, 0 errors, 1 left on base; Maine 2 - Bethlehem 1
TOP OF THE 2ND
Maine Sea Dogs batting - Pitching for Bethlehem Angel Kitties : RHP Luiz Palmeiro
Batting: LHB Bill Fisher 0-0: Swinging Strike
0-1: Ball
1-1: Foul Ball, location: 2F
1-2: Ball
2-2: Ball
3-2: Foul Ball, location: 2F
3-2: Fly out, F7 (Flyball, 7LS, EV 91.9 MPH)
Batting: RHB Ernest Bonner 0-0: Reached on error, E5 (Line Drive, 5, EV 74.4 MPH)
Batting: LHB Héctor Ancelno 0-0: Called Strike
0-1: Called Strike
0-2: Foul Ball, location: 2F
0-2: Ball
1-2: Strikes out swinging
Batting: RHB Jesús Bonilla 0-0: SINGLE (Groundball, 56D, EV 102.5 MPH)
Ernest Bonner to second
Batting: RHB Max Brown 0-0: Fly out, F8 (Flyball, 8LM, EV 85.6 MPH)
Top of the 2nd over - 0 runs, 1 hit, 1 error, 2 left on base; Maine 2 - Bethlehem 1
BOTTOM OF THE 2ND
Bethlehem Angel Kitties batting - Pitching for Maine Sea Dogs : RHP Cole Howard
Batting: SHB Daniel Washington 0-0: Ball
1-0: Fly out, F5 (Line Drive, 5, EV 74.4 MPH)
Batting: LHB Ernesto Valenzuela 0-0: Called Strike
0-1: Ground out 4-3 (Groundball, 34, EV 89.4 MPH)
Batting: LHB Cam Nicholson 0-0: Called Strike
0-1: SINGLE (Groundball, 4MD, EV 98.8 MPH)
Batting: RHB Wyatt Shepherd 0-0: Called Strike
0-1: Ball
1-1: Called Strike
1-2: Foul Ball, location: 2F
1-2: Ball
2-2: Fly out, F3 (Popup, 23F, EV 82.5 MPH)
Bottom of the 2nd over - 0 runs, 1 hit, 0 errors, 1 left on base; Maine 2 - Bethlehem 1
TOP OF THE 3RD
Maine Sea Dogs batting - Pitching for Bethlehem Angel Kitties : RHP Luiz Palmeiro
Batting: LHB Amani Marwan 0-0: Ball
1-0: Ball
2-0: Ball
3-0: Called Strike
3-1: Base on Balls
Batting: RHB Michael Lindsey 0-0: Ball
1-0: Ball
2-0: Ball
3-0: Called Strike
3-1: Foul Ball, location: 2F
3-2: Fly out, F9 (Flyball, 9LD, EV 81.9 MPH)
Batting: SHB George McMahon 0-0: Ball
1-0: Ball
2-0: Foul Ball, location: 2F
2-1: Foul Ball, location: 2F
2-2: SINGLE (Line Drive, 89S, EV 100.6 MPH)
Amani Marwan to second
Batting: RHB Michael Weber 0-0: Ball
1-0: Ball
2-0: Ground out 4-3 (Groundball, 4S, EV 86.2 MPH)
Amani Marwan to third
George McMahon to second
Batting: LHB Bill Fisher 0-0: Foul Ball, location: 2F
0-1: Ball
1-1: Swinging Strike
1-2: Strikes out swinging
Top of the 3rd over - 0 runs, 1 hit, 0 errors, 2 left on base; Maine 2 - Bethlehem 1
BOTTOM OF THE 3RD
Bethlehem Angel Kitties batting - Pitching for Maine Sea Dogs : RHP Cole Howard
Batting: LHB Norm Williams 0-0: Called Strike
0-1: Ground out 4-3 (Groundball, 4M, EV 107.5 MPH)
Batting: SHB Frunze Khcheyan 0-0: Ball
1-0: Ground out U3 (Groundball, 34, EV 80.6 MPH)
Batting: RHB Tim Hankins 0-0: Ball
1-0: Swinging Strike
1-1: Foul Ball, location: 2F
1-2: Strikes out looking
Bottom of the 3rd over - 0 runs, 0 hits, 0 errors, 0 left on base; Maine 2 - Bethlehem 1
TOP OF THE 4TH
Maine Sea Dogs batting - Pitching for Bethlehem Angel Kitties : RHP Luiz Palmeiro
Batting: RHB Ernest Bonner 0-0: Fly out, F5 (Line Drive, 5, EV 65.0 MPH)
Batting: LHB Héctor Ancelno 0-0: Called Strike
0-1: Ball
1-1: Ball
2-1: Ground out 4-3 (Groundball, 4M, EV 93.1 MPH)
Batting: RHB Jesús Bonilla 0-0: Foul Ball, location: 2F
0-1: Ball
1-1: Foul Ball, location: 2F
1-2: Ball
2-2: Strikes out looking
Top of the 4th over - 0 runs, 0 hits, 0 errors, 0 left on base; Maine 2 - Bethlehem 1
BOTTOM OF THE 4TH
Bethlehem Angel Kitties batting - Pitching for Maine Sea Dogs : RHP Cole Howard
Batting: SHB Toshiaki Watanabe 0-0: Ball
1-0: Fly out, F8 (Flyball, 8RM, EV 83.1 MPH)
Batting: RHB Hwui-ning Chen 0-0: Ball
1-0: SINGLE (Flyball, 78M, EV 94.4 MPH)
Batting: SHB Daniel Washington 0-0: Fielders Choice at 2nd, 4-6 (Groundball, 4, EV 80.0 MPH)
Batting: LHB Ernesto Valenzuela 0-0: Ball
1-0: Swinging Strike
1-1: Foul Ball, location: 2F
1-2: Fielders Choice at 2nd, 5-4 (Groundball, 56, EV 105.0 MPH)
Bottom of the 4th over - 0 runs, 1 hit, 0 errors, 1 left on base; Maine 2 - Bethlehem 1
TOP OF THE 5TH
Maine Sea Dogs batting - Pitching for Bethlehem Angel Kitties : RHP Luiz Palmeiro
Batting: RHB Max Brown 0-0: Foul Ball, location: 2F
0-1: Hit by Pitch
Batting: LHB Amani Marwan 0-0: Called Strike
0-1: Ball
1-1: Foul Ball, location: 2F
1-2: Foul Ball, location: 2F
1-2: Ball
2-2: Fly out, F8 (Flyball, 8RXD, EV 98.8 MPH)
Batting: RHB Michael Lindsey 0-0: Called Strike
0-1: Ball
1-1: Foul Ball, location: 2F
1-2: Foul Ball, location: 2F
1-2: Foul Ball, location: 2F
1-2: Foul Ball, location: 2F
1-2: Grounds into double play, 5-4-3 (Groundball, 56, EV 85.6 MPH)
Top of the 5th over - 0 runs, 0 hits, 0 errors, 0 left on base; Maine 2 - Bethlehem 1
BOTTOM OF THE 5TH
Bethlehem Angel Kitties batting - Pitching for Maine Sea Dogs : RHP Cole Howard
Batting: LHB Cam Nicholson 0-0: Ball
1-0: Ball
2-0: Ground out 6-3 (Groundball, 6, EV 83.8 MPH)
Batting: RHB Wyatt Shepherd 0-0: Fly out, F9 (Flyball, 9LSF, EV 77.5 MPH)
Batting: LHB Norm Williams 0-0: Ball
1-0: DOUBLE (Flyball, 8LD, EV 104.4 MPH)
Batting: SHB Frunze Khcheyan 0-0: Foul Ball, location: 2F
0-1: Ball
1-1: DOUBLE (Line Drive, 7LS, EV 106.2 MPH)
Norm Williams scores
Batting: RHB Tim Hankins 0-0: Called Strike
0-1: Ball
1-1: Ball
Wild Pitch!
Frunze Khcheyan to third
2-1: Foul Ball, location: 2F
2-2: Ball
3-2: Strikes out looking
Bottom of the 5th over - 1 run, 2 hits, 0 errors, 1 left on base; Maine 2 - Bethlehem 2
TOP OF THE 6TH
Maine Sea Dogs batting - Pitching for Bethlehem Angel Kitties : RHP Luiz Palmeiro
Pitching: RHP César Cruz
Batting: SHB George McMahon 0-0: Foul Ball, location: 2F
0-1: Ball
1-1: Foul Ball, location: 2F
1-2: Foul Ball, location: 2F
1-2: Ball
2-2: Foul Ball, location: 2F
2-2: Ball
3-2: Fly out, F8 (Flyball, 8RM, EV 82.5 MPH)
Batting: RHB Michael Weber 0-0: Ball
1-0: Called Strike
1-1: SINGLE (Line Drive, 56, EV 100.0 MPH)
Batting: LHB Bill Fisher 0-0: Ball
1-0: Foul Ball, location: 2F
1-1: Swinging Strike
1-2: Strikes out swinging
Batting: RHB Ernest Bonner 0-0: Called Strike
0-1: Swinging Strike
0-2: Strikes out swinging
Top of the 6th over - 0 runs, 1 hit, 0 errors, 1 left on base; Maine 2 - Bethlehem 2
BOTTOM OF THE 6TH
Bethlehem Angel Kitties batting - Pitching for Maine Sea Dogs : RHP Cole Howard
Batting: SHB Toshiaki Watanabe 0-0: Foul Ball, location: 2F
0-1: Fly out, F7 (Flyball, 7S, EV 81.2 MPH)
Batting: RHB Hwui-ning Chen 0-0: Ball
1-0: Called Strike
1-1: DOUBLE (Line Drive, 89M, EV 96.2 MPH)
Batting: SHB Daniel Washington 0-0: Swinging Strike
0-1: Ball
1-1: Ball
2-1: Foul Ball, location: 2F
2-2: Fly out, F8 (Flyball, 89D, EV 96.9 MPH)
Batting: LHB Ernesto Valenzuela 0-0: Called Strike
0-1: Swinging Strike
0-2: SINGLE (Groundball, 15, EV 70.6 MPH) (infield hit)
Hwui-ning Chen to third
Batting: LHB Cam Nicholson 0-0: Swinging Strike
0-1: Ball
1-1: Called Strike
1-2: Ball
2-2: Foul Ball, location: 2F
2-2: Foul Ball, location: 2F
2-2: SINGLE (Groundball, 34D, EV 93.8 MPH)
Hwui-ning Chen scores
Ernesto Valenzuela to second
Runner from 2nd tries for 3rd, SAFE, no throw by RF
Pitching: LHP Gil Farrell
Batting: RHB Wyatt Shepherd 0-0: Foul Ball, location: 2F
0-1: Foul Ball, location: 2F
0-2: Ball
1-2: Strikes out swinging
Bottom of the 6th over - 1 run, 3 hits, 0 errors, 2 left on base; Maine 2 - Bethlehem 3
TOP OF THE 7TH
Maine Sea Dogs batting - Pitching for Bethlehem Angel Kitties : RHP César Cruz
Batting: LHB Héctor Ancelno 0-0: Ball
1-0: Called Strike
1-1: Foul Ball, location: 2F
1-2: Ball
2-2: SINGLE (Line Drive, 78M, EV 100.0 MPH)
Pinch Hitting: LHB Juan Sapinoso 0-0: Foul Ball, location: 2F
0-1: SINGLE (Flyball, 7S, EV 90.0 MPH)
Héctor Ancelno to second
Batting: RHB Max Brown 0-0: Foul Ball, location: 2F
0-1: Ball
1-1: Ball
2-1: Reached on error, E6 (Groundball, 6, EV 96.9 MPH)
Héctor Ancelno to third
Juan Sapinoso to second
Batting: LHB Amani Marwan 0-0: Ball
1-0: Fly out, F6 (Popup, 56, EV 78.8 MPH)
Batting: RHB Michael Lindsey 0-0: Ball
1-0: Fly out, F9 (Flyball, 89D, EV 92.5 MPH)
Runner from 3rd tags up, SCORES, throw by RF
Juan Sapinoso to third
Batting: SHB George McMahon 0-0: SINGLE (Groundball, 6MS, EV 65.6 MPH) (infield hit)
Juan Sapinoso scores
Max Brown to second
Batting: RHB Michael Weber 0-0: Swinging Strike
0-1: SINGLE (Line Drive, 8RS, EV 108.1 MPH)
Max Brown to third
George McMahon to second
Batting: LHB Bill Fisher 0-0: Called Strike
0-1: Foul Ball, location: 2F
0-2: Ball
1-2: Strikes out looking
Top of the 7th over - 2 runs, 4 hits, 1 error, 3 left on base; Maine 4 - Bethlehem 3
BOTTOM OF THE 7TH
Bethlehem Angel Kitties batting - Pitching for Maine Sea Dogs : LHP Gil Farrell
Now at 3B: Dao Ngo
Batting: LHB Norm Williams 0-0: Ball
1-0: Ball
2-0: Ball
3-0: Base on Balls
Batting: SHB Frunze Khcheyan 0-0: Bunted foul
0-1: Sac Bunt to 15S - play at second, runner safe!
Batting: RHB Tim Hankins 0-0: Foul Ball, location: 2F
0-1: Ball
1-1: Foul Ball, location: 2F
1-2: Ball
2-2: Fly out, F8 (Flyball, 8LM, EV 90.0 MPH)
Batting: SHB Toshiaki Watanabe 0-0: Called Strike
0-1: Ball
1-1: Ball
2-1: Fielders Choice at 2nd, 3-6 (Groundball, 3S, EV 85.0 MPH)
Norm Williams to third
Batting: RHB Hwui-ning Chen 0-0: Ball
1-0: Ball
2-0: Ball
3-0: Called Strike
3-1: Foul Ball, location: 2F
3-2: Foul Ball, location: 2F
3-2: Hit by Pitch
Toshiaki Watanabe to second
Pinch Hitting: RHB Dieter de Jong 0-0: Swinging Strike
0-1: Swinging Strike
0-2: Strikes out swinging
Bottom of the 7th over - 0 runs, 0 hits, 0 errors, 3 left on base; Maine 4 - Bethlehem 3
TOP OF THE 8TH
Maine Sea Dogs batting - Pitching for Bethlehem Angel Kitties : RHP César Cruz
Now at 2B: Dieter de Jong
Batting: RHB Ernest Bonner 0-0: Called Strike
0-1: Ball
1-1: Ball
2-1: Foul Ball, location: 2F
2-2: SINGLE (Flyball, 7S, EV 95.0 MPH)
Pitching: RHP José Santos
Batting: LHB Héctor Ancelno 0-0: Fly out, F6 (Popup, 6MD, EV 65.6 MPH)
Batting: RHB Dao Ngo 0-0: Foul Ball, location: 2F
0-1: Grounds into double play, 4-6-3 (Groundball, 4, EV 100.6 MPH)
Top of the 8th over - 0 runs, 1 hit, 0 errors, 0 left on base; Maine 4 - Bethlehem 3
BOTTOM OF THE 8TH
Bethlehem Angel Kitties batting - Pitching for Maine Sea Dogs : LHP Gil Farrell
Batting: LHB Ernesto Valenzuela 0-0: Ball
1-0: Ground out 6-3 (Groundball, 6MS, EV 84.4 MPH)
Batting: LHB Cam Nicholson 0-0: Ball
1-0: Fly out, F7 (Flyball, 7S, EV 87.5 MPH)
Batting: RHB Wyatt Shepherd 0-0: Foul Ball, location: 2F
0-1: Swinging Strike
0-2: Strikes out swinging
Bottom of the 8th over - 0 runs, 0 hits, 0 errors, 0 left on base; Maine 4 - Bethlehem 3
TOP OF THE 9TH
Maine Sea Dogs batting - Pitching for Bethlehem Angel Kitties : RHP José Santos
Pitching: RHP Francisco Díaz
Batting: RHB Max Brown 0-0: Ball
1-0: Foul Ball, location: 2F
1-1: Reached via error on a dropped throw from 1B, E1 (Groundball, 34, EV 105.0 MPH)
Batting: LHB Amani Marwan 0-0: Ball
1-0: Foul Ball, location: 2F
1-1: Foul Ball, location: 2F
1-2: DOUBLE (Flyball, 89XD, EV 96.9 MPH)
Max Brown to third
Batting: RHB Michael Lindsey 0-0: Ball
1-0: Fly out, F9 (Flyball, 9S, EV 90.6 MPH)
Batting: SHB George McMahon 0-0: Ball
1-0: Ball
2-0: Foul Ball, location: 2F
2-1: Called Strike
2-2: Foul Ball, location: 2F
2-2: Foul Ball, location: 2F
2-2: Ball
3-2: Strikes out looking
Batting: RHB Michael Weber 0-0: Ball
1-0: Foul Ball, location: 2F
1-1: Fly out, F9 (Flyball, 9LMF, EV 91.2 MPH)
Top of the 9th over - 0 runs, 1 hit, 1 error, 2 left on base; Maine 4 - Bethlehem 3
BOTTOM OF THE 9TH
Bethlehem Angel Kitties batting - Pitching for Maine Sea Dogs : LHP Gil Farrell
Pitching: RHP Kamiel Wabeke
Batting: LHB Norm Williams 0-0: Foul Ball, location: 2F
0-1: Ball
1-1: Called Strike
1-2: Foul Ball, location: 2F
1-2: Strikes out swinging
Batting: SHB Frunze Khcheyan 0-0: Called Strike
0-1: Foul Ball, location: 2F
0-2: Ball
1-2: Foul Ball, location: 2F
1-2: Strikes out swinging
Batting: RHB Tim Hankins 0-0: Ball
1-0: Foul Ball, location: 2F
1-1: Called Strike
1-2: Ball
2-2: Ball
3-2: Foul Ball, location: 2F
3-2: Fly out, F6 (Popup, 6M, EV 64.4 MPH)
Bottom of the 9th over - 0 runs, 0 hits, 0 errors, 0 left on base; Maine 4 - Bethlehem 3
Tuesday, January 5th, 2021 - OOTP Baseball 20.8 Build 74